 Dungeon Crawl Stone Soup version 0.19.5 (webtiles) character file.

4566 Azzok the Archer (level 10, -3/96 HPs)
             Began as a Minotaur Fighter on July 4, 2017.
             Slain by an unseen horror (5 damage)
             ... on level 8 of the Dungeon.
             The game lasted 00:14:40 (7511 turns).

Azzok the Archer (Minotaur Fighter)                 Turns: 7511, Time: 00:14:42

Health: -3/96      AC:  4    Str: 27    XL:     10   Next: 18%
Magic:  9/9        EV:  6    Int:  5    God:
Gold:   222        SH: 10    Dex: 12    Spells: 0 memorised, 9 levels left

rFire  + . .     SeeInvis .     b - +2 short sword (freeze)
rCold  . . .     Gourm    .     x - +0 chain mail
rNeg   . . .     Faith    .     c - +0 shield
rPois  +         Spirit   .     (helmet restricted)
rElec  .         Reflect  .     v - +1 cloak
rCorr  .         Harm     .     D - +0 pair of gloves
MR     .....                    (no boots)
Stlth  ..........               (no amulet)
                                y - ring of protection from fire
                                J - ring of poison resistance

@: mighty, corroded, flying
A: retaliatory headbutt, horns 2
a: no special abilities


You were on level 8 of the Dungeon.
You were hungry.

You visited 1 branch of the dungeon, and saw 8 of its levels.

You collected 222 gold pieces.

Inventory:

Hand Weapons
 a - a +1 dagger of venom
 b - a +2 short sword of freezing (weapon)
 L - a +0 shortbow
 P - the +11 trident of Disembowelment {antimagic, rPois rN+ Str+4 Int-5}
   (You took it off an orc on level 7 of the Dungeon)

   It reduces the magical energy of the wielder, and disrupts the spells and
   magical abilities of those hit.
   Natural abilities and divine invocations are not affected.
   It affects your strength (+4).
   It affects your intelligence (-5).
   It protects you from poison.
   It protects you from negative energy.
Missiles
 e - 188 arrows
Armour
 c - a +0 shield (worn)
 v - a +1 cloak (worn)
 x - a +0 chain mail (worn)
 D - a +0 pair of gloves (worn)
Jewellery
 q - an uncursed ring of positive energy
 y - a ring of protection from fire (right hand)
 J - a ring of poison resistance (left hand)
Wands
 O - a wand of lightning (6/15)
Scrolls
 h - a scroll of blinking {unknown}
 k - 5 scrolls of remove curse {unknown}
 l - 12 scrolls of identify {unknown}
 m - a scroll of amnesia {unknown}
 n - 2 scrolls of recharging {unknown}
 t - 4 scrolls of enchant weapon {unknown}
 u - 4 scrolls of teleportation {unknown}
 E - a scroll of silence {unknown}
 F - a scroll of magic mapping {unknown}
 G - a scroll of fog {unknown}
 H - a scroll of vulnerability {unknown}
 I - a scroll of immolation {unknown}
 K - a scroll of fear {unknown}
Potions
 i - a potion of cancellation {unknown}
 j - 4 potions of curing
 o - a potion of resistance {unknown}
 r - a potion of agility {unknown}
 z - 4 potions of degeneration {unknown}
 A - 2 potions of flight
 B - a potion of magic {unknown}
 C - a potion of brilliance {unknown}
 M - a potion of mutation {unknown}
 N - 2 potions of lignification {unknown}
Comestibles
 f - 2 bread rations {@e1}
 g - 4 beef jerkies
 p - 3 fruits
 s - 5 meat rations {@e2}
 w - 2 slices of pizza


   Skills:
 - Level 11.4 Fighting
   Level 2.4 Long Blades
 * Level 12.4 Bows
 - Level 3.6 Armour
 - Level 3.6 Shields


You had 9 spell levels left.
You didn't know any spells.

Dungeon Overview and Level Annotations

Branches:
Dungeon (8/15)             Temple (0/1) D:4
   Lair: D:8-11

Altars:
Ashenzari
Hepliaklqana
Kikubaaqudgha
Makhleb
Nemelex Xobeh
Sif Muna
Trog
Vehumet


Innate Abilities, Weirdness & Mutations

You reflexively headbutt those who attack you in melee.
You have a pair of horns on your head.


Message History

You hit the killer bee. You freeze the killer bee. You headbutt the killer bee.
You kill the killer bee!
Something hits you but does no damage. Something hits you!
* * * LOW HITPOINT WARNING * * *
You take 7 damage, and have 3/96 hp.
Something hits you.
* * * LOW HITPOINT WARNING * * *
You take 1 damage, and have 2/96 hp.
It was a potion of flight.
You feel very buoyant.
You fly up into the air.
You block something's attack.
It was a potion of curing.
You feel better. Something hits you but does no damage.
You regained 7 hp, and now have 9/96 hp.
You block something's attack. Something hits you but does no damage.
Something hits you!
* * * LOW HITPOINT WARNING * * *
Something hits you.
You die...

·······▒ ▒·▒··▒<···▒·▒ ▒
·······▒ ▒····)·)·▒▒·▒·▒
···▒▒▒·▒ ▒··········)··▒ ▒▒
···▒ ▒·▒▒▒···········▒▒▒ ···
▒▒▒▒ ▒·············▒·▒ ▒▒·· ·(
▒▒▒▒▒▒▒▒▒▒▒···[····▒▒▒ ··▒ ···
···················▒▒▒▒··▒▒···
················▒▒▒▒▒······?)·
·▒▒▒···········[@··▒▒······[)·
·▒ ▒·········▒▒▒▒▒·········▒▒·
·▒ ▒·········▒ ▒·········▒▒·
·▒ ▒▒········▒ ▒▒▒▒··▒▒··%··
·▒ ▒▒▒··▒▒▒·▒ ▒··▒ ···· ·▒
▒▒·▒ ▒·▒ ▒▒▒·· ·▒ ·▒ ▒·▒▒▒·▒
···· ·▒ ▒··▒▒·▒ ▒▒$?··
·▒▒▒▒▒▒▒▒·▒▒·▒ [%··


There were no monsters in sight!

Vanquished Creatures
  The ghost of Azzok the Fighter, a novice MiFi of Okawaru (D:8)
  A troll (D:8)
  3 hippogriffs
  A wyvern (D:8)
  A hungry ghost (D:7)
  The ghost of Azzok the Skirmisher, an amateur MiFi (D:3)
  An ice beast (D:8)
  An orc warrior (D:7)
  A black bear (D:8)
  3 ogres
  3 centaurs
  Blork the orc (D:5)
  7 bullfrogs
  2 water moccasin zombies
  A water moccasin skeleton (D:7)
  5 killer bees
  3 howler monkeys
  5 crimson imps
  2 bullfrog skeletons
  3 orc priests (D:8)
  3 hounds
  3 jellies
  2 centaur skeletons
  2 orc wizards (D:4)
  4 iguanas
  3 worker ants
  6 adders
  4 gnolls
  2 shadow imps
  2 oozes
  An adder skeleton (D:5)
  2 worms
  5 dart slugs
  4 leopard geckos
  28 orcs
  5 bats
  2 giant cockroaches (D:2)
  2 goblins
  7 hobgoblins
  5 kobolds
  2 quokkas (D:7)
  A ball python (D:2)
  5 frilled lizards
  A giant cockroach zombie (D:6)
  2 quokka zombies
  6 rats
155 creatures vanquished.

Notes
Turn   | Place    | Note
-------+----------+-------------------------------------------
     0 | D:1      | Azzok the Minotaur Fighter began the quest for the Orb.
     0 | D:1      | Reached XP level 1. HP: 19/19 MP: 0/0
   297 | D:1      | Reached XP level 2. HP: 21/27 MP: 1/1
   749 | D:2      | Reached skill level 5 in Fighting
   749 | D:2      | Reached XP level 3. HP: 36/36 MP: 2/2
  1146 | D:2      | Found a sparkling altar of Nemelex Xobeh.
  1360 | D:2      | Reached XP level 4. HP: 44/44 MP: 3/3
  1831 | D:3      | Noticed Azzok's ghost (amateur MiFi)
  1845 | D:3      | Killed Azzok's ghost
  1845 | D:3      | Reached XP level 5. HP: 48/52 MP: 4/4
  1935 | D:3      | Found an ancient bone altar of Kikubaaqudgha.
  1936 | D:3      | Found a shattered altar of Ashenzari.
  1936 | D:3      | Found a bloodstained altar of Trog.
  1937 | D:3      | Found a hazy altar of Hepliaklqana.
  2050 | D:3      | Found a burning altar of Makhleb.
  2214 | D:3      | Reached XP level 6. HP: 61/61 MP: 5/5
  2569 | D:4      | Found a staircase to the Ecumenical Temple.
  2820 | D:4      | Found a radiant altar of Vehumet.
  2869 | D:5      | Entered Level 5 of the Dungeon
  3089 | D:5      | Noticed Blork the orc
  3097 | D:5      | Killed Blork the orc
  3097 | D:5      | Reached XP level 7. HP: 71/71 MP: 6/6
  3214 | D:5      | Reached skill level 10 in Fighting
  4220 | D:7      | Reached XP level 8. HP: 69/82 MP: 7/7
  4267 | D:7      | Reached skill level 2 in Bows
  4277 | D:7      | Found a hazy altar of Hepliaklqana.
  4310 | D:7      | Reached skill level 3 in Bows
  4438 | D:7      | Reached skill level 4 in Bows
  4504 | D:7      | Reached skill level 5 in Bows
  4618 | D:7      | Noticed a hippogriff
  4624 | D:7      | Killed a hippogriff
  4624 | D:7      | Reached skill level 6 in Bows
  5029 | D:7      | Reached skill level 7 in Bows
  5217 | D:7      | Found a deep blue altar of Sif Muna.
  5379 | D:8      | Noticed Azzok's ghost (novice MiFi)
  5764 | D:8      | Reached XP level 9. HP: 71/89 MP: 8/8
  5862 | D:8      | Reached skill level 8 in Bows
  6265 | D:8      | Reached skill level 9 in Bows
  6637 | D:8      | Killed Azzok's ghost
  6637 | D:8      | Reached skill level 10 in Bows
  6658 | D:8      | Noticed a troll
  6659 | D:8      | Reached skill level 11 in Bows
  6681 | D:8      | Killed a troll
  6681 | D:8      | Reached XP level 10. HP: 28/96 MP: 1/9
  7019 | D:7      | Got a blackened trident {antimagic}
  7020 | D:7      | Lost intelligence.
  7020 | D:7      | Identified the +11 trident of Disembowelment {antimagic, rPois rN+ Str+4 Int-5} (You took it off an orc on level 7 of the Dungeon)
  7175 | D:8      | Reached skill level 12 in Bows
  7505 | D:8      | HP: 3/96 [something (8)]
  7511 | D:8      | HP: 2/96 [something (8)]
  7511 | D:8      | Slain by an unseen horror

Skill      XL: |  1  2  3  4  5  6  7  8  9 10 |
---------------+-------------------------------+-----
Fighting       | 4 5 6 7 8 9 11 | 11.4
Bows           | 7 11 12 | 12.4
Long Blades    | |  2.4
Armour         | |  3.6
Shields        | |  3.6

Action                   |  1- 3 |  4- 6 |  7- 9 | 10-12 || total
-------------------------+-------+-------+-------+-------++-------
Melee: Long sword        |    15 |       |       |       ||    15
       Headbutt          |    11 |    23 |    70 |     9 ||   113
       Short sword       |    55 |    91 |   109 |     7 ||   262
       Dagger            |       |    11 |   181 |     8 ||   200
       Trident           |       |       |       |    34 ||    34
  Use: Potion            |       |       |     1 |     3 ||     4
  Eat: Chunk             |     1 |     6 |    14 |     3 ||    24
Armor: Scale mail        |    27 |    36 |    66 |       ||   129
       Chain mail        |       |       |    53 |   106 ||   159
Dodge: Dodged            |    18 |    23 |    56 |    51 ||   148
Block: Shield            |    31 |    36 |   115 |    82 ||   264
       Rpst.: Long sword |     1 |       |       |       ||     1
